APL (24 & UNDER)
NASHUA REDLEGS @ NANTUCKET ORCAS
06/17/2026
 
TOP OF THE 1ST
Nashua Redlegs batting - Pitching for Nantucket Orcas : LHP Esteban Soto
Pitching: LHP Esteban Soto
Batting: RHB Manuel Alonso 0-0: Ball
1-0: SINGLE (Groundball, 5D)
Batting: RHB José Zumaya 0-0: Called Strike
0-1: Called Strike
0-2: Foul Ball, location: 2F
0-2: Ball
1-2: Foul Ball, location: 2F
1-2: Ball
2-2: Ball
3-2: Grounds into double play, U4-3 (Groundball, 4)
Batting: LHB Dave Lee 0-0: Foul Ball, location: 2F
0-1: Called Strike
0-2: Ball
1-2: DOUBLE (Line Drive, 8LD)
Batting: RHB Héctor Vázquez 0-0: Called Strike
0-1: Ball
1-1: Ball
2-1: Foul Ball, location: 2F
2-2: Ball
3-2: Base on Balls
Batting: RHB Eleuterio Supardo 0-0: Called Strike
0-1: Reached on error, E3 (Groundball, 34)
Dave Lee scores
Héctor Vázquez to third
Batting: RHB Gabriel Erwin 0-0: Ball
1-0: Ball
2-0: Called Strike
2-1: Fly out, F6 (Popup, 6M)
Top of the 1st over - 1 run(s), 2 hit(s), 1 error(s), 2 left on base; Nashua 1 - Nantucket 0
BOTTOM OF THE 1ST
Nantucket Orcas batting - Pitching for Nashua Redlegs : RHP Bryan Bray
Pitching: RHP Bryan Bray
Batting: RHB Jorge Hernández 0-0: Swinging Strike
0-1: Ball
1-1: Ball
2-1: Foul Ball, location: 2F
2-2: Ball
3-2: Strikes out swinging
Batting: RHB Ramón Díaz 0-0: Swinging Strike
0-1: Ball
1-1: Called Strike
1-2: Ball
2-2: Fly out, F8 (Flyball, 8LS)
Batting: SHB Cory Campbell 0-0: Ball
1-0: Ground out U3 (Groundball, 3)
Bottom of the 1st over - 0 run(s), 0 hit(s), 0 error(s), 0 left on base; Nashua 1 - Nantucket 0
TOP OF THE 2ND
Nashua Redlegs batting - Pitching for Nantucket Orcas : LHP Esteban Soto
Batting: LHB Richard Olvera 0-0: Called Strike
0-1: Fly out, F8 (Flyball, 8RXD)
Batting: LHB Bill McCraney 0-0: Called Strike
0-1: Called Strike
0-2: Strikes out swinging
Batting: RHB Javier Ortíz 0-0: Called Strike
0-1: Ball
1-1: SINGLE (Line Drive, 56)
Batting: RHB Manuel Alonso 0-0: Called Strike
Javier Ortíz is caught stealing 2nd base
Top of the 2nd over - 0 run(s), 1 hit(s), 0 error(s), 0 left on base; Nashua 1 - Nantucket 0
BOTTOM OF THE 2ND
Nantucket Orcas batting - Pitching for Nashua Redlegs : RHP Bryan Bray
Batting: RHB Roberto Canó 0-0: Called Strike
0-1: Ball
1-1: Ball
2-1: Called Strike
2-2: Ball
3-2: Base on Balls
Batting: LHB Noah Gillespie 0-0: Ball
1-0: Called Strike
Roberto Canó steals 2nd base
1-1: Ball
2-1: Foul Ball, location: 2F
2-2: SINGLE (Line Drive, 8RS)
Roberto Canó to third
Batting: RHB César Osequedo 0-0: Swinging Strike
0-1: Ball
1-1: Fly out, F8 (Popup, 8LS)
Batting: LHB Eugene Lee 0-0: Ball
Noah Gillespie steals 2nd base
1-0: Ball
2-0: Called Strike
2-1: Ball
3-1: Base on Balls
Batting: RHB Domingo Hernández 0-0: Called Strike
0-1: Foul Ball, location: 2F
0-2: Hit by Pitch
Roberto Canó scores
Noah Gillespie to third
Eugene Lee to second
Batting: RHB Anastasio Zartuche 0-0: Ball
1-0: Called Strike
1-1: Ball
2-1: Ball
3-1: Called Strike
3-2: Grounds into fielders choice 1-2 (Groundball, 23)
Eugene Lee to third
Domingo Hernández to second
Batting: RHB Jorge Hernández 0-0: Called Strike
0-1: Ball
1-1: Ground out 2-3 (Groundball, 2R)
Bottom of the 2nd over - 1 run(s), 1 hit(s), 0 error(s), 3 left on base; Nashua 1 - Nantucket 1
TOP OF THE 3RD
Nashua Redlegs batting - Pitching for Nantucket Orcas : LHP Esteban Soto
Batting: RHB Manuel Alonso 0-0: Called Strike
0-1: Called Strike
0-2: Fly out, F8 (Flyball, 78M)
Batting: RHB José Zumaya 0-0: Foul Ball, location: 2F
0-1: Foul Ball, location: 2F
0-2: Strikes out swinging
Batting: LHB Dave Lee 0-0: Ball
1-0: Called Strike
1-1: Ball
2-1: Foul Ball, location: 2F
2-2: SINGLE (Groundball, 56D)
Batting: RHB Héctor Vázquez 0-0: Ball
1-0: Ball
2-0: Foul Ball, location: 2F
2-1: Called Strike
2-2: Foul Ball, location: 2F
2-2: Foul Ball, location: 2F
2-2: Fly out, F8 (Flyball, 8LM)
Top of the 3rd over - 0 run(s), 1 hit(s), 0 error(s), 1 left on base; Nashua 1 - Nantucket 1
BOTTOM OF THE 3RD
Nantucket Orcas batting - Pitching for Nashua Redlegs : RHP Bryan Bray
Batting: RHB Ramón Díaz 0-0: Called Strike
0-1: Foul Ball, location: 2F
0-2: Ball
1-2: Ball
2-2: Ball
3-2: Base on Balls
Batting: SHB Cory Campbell Pickoff Throw to First - Out!
0-0: Ball
1-0: Ball
2-0: Ball
3-0: Base on Balls
Batting: RHB Roberto Canó 0-0: Ball
1-0: Called Strike
1-1: Swinging Strike
1-2: Ball
2-2: Strikes out swinging
Batting: LHB Noah Gillespie 0-0: Ball
1-0: Foul Ball, location: 2F
1-1: Ball
2-1: Ground out 1-3 (Groundball, 15)
Bottom of the 3rd over - 0 run(s), 0 hit(s), 0 error(s), 1 left on base; Nashua 1 - Nantucket 1
TOP OF THE 4TH
Nashua Redlegs batting - Pitching for Nantucket Orcas : LHP Esteban Soto
Batting: RHB Eleuterio Supardo 0-0: Called Strike
0-1: Called Strike
0-2: Ball
1-2: Foul Ball, location: 2F
1-2: Strikes out swinging
Batting: RHB Gabriel Erwin 0-0: Ball
1-0: Fly out, F6 (Line Drive, 6)
Batting: LHB Richard Olvera 0-0: Ball
1-0: Ball
2-0: Called Strike
2-1: Ball
3-1: Foul Ball, location: 2F
3-2: Base on Balls
Batting: LHB Bill McCraney 0-0: Ball
1-0: Ball
2-0: SINGLE (Line Drive, 4)
Richard Olvera to second
Batting: RHB Javier Ortíz 0-0: SINGLE (Line Drive, 6MD)
Richard Olvera to third
Bill McCraney to second
Runner from 3rd tries for Home, throw and OUT!
Top of the 4th over - 0 run(s), 2 hit(s), 0 error(s), 2 left on base; Nashua 1 - Nantucket 1
BOTTOM OF THE 4TH
Nantucket Orcas batting - Pitching for Nashua Redlegs : RHP Bryan Bray
Batting: RHB César Osequedo 0-0: Fly out, F4 (Popup, 4D)
Batting: LHB Eugene Lee 0-0: Ball
1-0: Ball
2-0: SINGLE (Groundball, 5D)
Batting: RHB Domingo Hernández 0-0: Called Strike
0-1: Ball
Pickoff Throw to First - Error! E1
Eugene Lee to second
1-1: Fly out, F3 (Popup, 3S)
Batting: RHB Anastasio Zartuche 0-0: Called Strike
0-1: Foul Ball, location: 2F
0-2: Ball
1-2: Strikes out swinging
Bottom of the 4th over - 0 run(s), 1 hit(s), 1 error(s), 1 left on base; Nashua 1 - Nantucket 1
TOP OF THE 5TH
Nashua Redlegs batting - Pitching for Nantucket Orcas : LHP Esteban Soto
Batting: RHB Manuel Alonso 0-0: Called Strike
0-1: Ball
1-1: Ball
2-1: Fly out, F5 (Popup, 5F)
Batting: RHB José Zumaya 0-0: Ball
1-0: DOUBLE (Groundball, 5L)
Batting: LHB Dave Lee 0-0: Foul Ball, location: 2F
0-1: Ball
1-1: Ground out 6-3 (Groundball, 6MS)
José Zumaya to third
Pitching: LHP Ray Morgan
Batting: RHB Héctor Vázquez 0-0: Ball
1-0: Fly out, F9 (Flyball, 9M)
Top of the 5th over - 0 run(s), 1 hit(s), 0 error(s), 1 left on base; Nashua 1 - Nantucket 1
BOTTOM OF THE 5TH
Nantucket Orcas batting - Pitching for Nashua Redlegs : RHP Bryan Bray
Batting: RHB Jorge Hernández 0-0: Ground out 5-3 (Groundball, 5S)
Batting: RHB Ramón Díaz 0-0: Fly out, F4 (Line Drive, 4)
Batting: SHB Cory Campbell 0-0: Called Strike
0-1: Ball
1-1: Ball
2-1: Swinging Strike
2-2: Strikes out swinging
Bottom of the 5th over - 0 run(s), 0 hit(s), 0 error(s), 0 left on base; Nashua 1 - Nantucket 1
TOP OF THE 6TH
Nashua Redlegs batting - Pitching for Nantucket Orcas : LHP Ray Morgan
Batting: RHB Eleuterio Supardo 0-0: Called Strike
0-1: Foul Ball, location: 2F
0-2: Ball
1-2: Foul Ball, location: 2F
1-2: Ball
2-2: Strikes out looking
Batting: RHB Gabriel Erwin 0-0: Foul Ball, location: 2F
0-1: Called Strike
0-2: Strikes out looking
Batting: LHB Richard Olvera 0-0: Ball
1-0: Ball
2-0: Swinging Strike
2-1: SOLO HOME RUN (Flyball, 9D), Distance : 382 ft
Batting: LHB Bill McCraney 0-0: Ball
1-0: Ground out 6-3 (Groundball, 6M)
Top of the 6th over - 1 run(s), 1 hit(s), 0 error(s), 0 left on base; Nashua 2 - Nantucket 1
BOTTOM OF THE 6TH
Nantucket Orcas batting - Pitching for Nashua Redlegs : RHP Bryan Bray
Batting: RHB Roberto Canó 0-0: Ground out 5-3 (Groundball, 56)
Batting: LHB Noah Gillespie 0-0: Swinging Strike
0-1: Swinging Strike
0-2: Ball
1-2: Strikes out swinging
Batting: RHB César Osequedo 0-0: Swinging Strike
0-1: Called Strike
0-2: Ball
1-2: Ground out 6-3 (Groundball, 56)
Bottom of the 6th over - 0 run(s), 0 hit(s), 0 error(s), 0 left on base; Nashua 2 - Nantucket 1
TOP OF THE 7TH
Nashua Redlegs batting - Pitching for Nantucket Orcas : LHP Ray Morgan
Batting: RHB Javier Ortíz 0-0: Foul Ball, location: 2F
0-1: Ball
1-1: Swinging Strike
1-2: Ball
2-2: Foul Ball, location: 2F
2-2: Ball
3-2: Base on Balls
Batting: RHB Manuel Alonso 0-0: Called Strike
0-1: Ball
1-1: Ball
2-1: Fly out, F8 (Flyball, 8RD)
Pinch Hitting: LHB Frank Young 0-0: Called Strike
Javier Ortíz is caught stealing 2nd base
0-1: SINGLE (Groundball, 34S) (infield hit)
Batting: LHB Dave Lee 0-0: Called Strike
0-1: Ball
1-1: Fielders Choice at 2nd, U6 (Groundball, 6M)
Top of the 7th over - 0 run(s), 1 hit(s), 0 error(s), 1 left on base; Nashua 2 - Nantucket 1
BOTTOM OF THE 7TH
Nantucket Orcas batting - Pitching for Nashua Redlegs : RHP Bryan Bray
Pitching: LHP Jorge Melgaza
Now at SS: Bernardo Rodríguez
Batting: LHB Eugene Lee 0-0: SINGLE (Line Drive, 34D)
Batting: RHB Domingo Hernández 0-0: Called Strike
0-1: Ball
1-1: Swinging Strike
1-2: Foul Ball, location: 2F
1-2: Foul Ball, location: 2F
1-2: Fly out, F3 (Popup, 4S)
Batting: RHB Anastasio Zartuche 0-0: Ball
1-0: Ball
2-0: Called Strike
2-1: Ball
3-1: Called Strike
3-2: Foul Ball, location: 2F
3-2: SINGLE (Groundball, 56D)
Eugene Lee to second
Batting: RHB Jorge Hernández 0-0: Ball
1-0: Foul Ball, location: 2F
1-1: Ball
2-1: Swinging Strike
2-2: Hit by Pitch
Eugene Lee to third
Anastasio Zartuche to second
Batting: RHB Ramón Díaz 0-0: Ball
1-0: Foul Ball, location: 2F
1-1: Ball
2-1: Ground out 5-3 (Groundball, 5S)
Eugene Lee scores
Anastasio Zartuche to third
Jorge Hernández to second
Pinch Hitting: SHB Eric Pimentel 0-0: Fly out, F9 (Flyball, 89M)
Bottom of the 7th over - 1 run(s), 2 hit(s), 0 error(s), 2 left on base; Nashua 2 - Nantucket 2
TOP OF THE 8TH
Nashua Redlegs batting - Pitching for Nantucket Orcas : LHP Ray Morgan
Pitching: RHP Armando Chávez
Now at 2B: Pepe Franco
Batting: RHB Héctor Vázquez 0-0: SINGLE (Groundball, 56)
Batting: RHB Eleuterio Supardo 0-0: Grounds into double play, 6-4-3 (Groundball, 6M)
Pinch Hitting: LHB Mike Harris 0-0: Ball
1-0: Ball
2-0: Called Strike
2-1: Ball
3-1: Swinging Strike
3-2: Ground out 3-1 (Groundball, 34)
Top of the 8th over - 0 run(s), 1 hit(s), 0 error(s), 0 left on base; Nashua 2 - Nantucket 2
BOTTOM OF THE 8TH
Nantucket Orcas batting - Pitching for Nashua Redlegs : LHP Jorge Melgaza
Now in CF: Mike Harris
Batting: RHB Roberto Canó 0-0: Ball
1-0: Foul Ball, location: 2F
1-1: Ball
2-1: Called Strike
2-2: Ground out 4-3 (Groundball, 4)
Batting: LHB Noah Gillespie 0-0: Called Strike
0-1: Called Strike
0-2: Fly out, F8 (Flyball, 8LS)
Batting: RHB César Osequedo 0-0: Ball
1-0: Ball
2-0: Ball
3-0: Called Strike
3-1: Base on Balls
Batting: LHB Eugene Lee 0-0: Swinging Strike
0-1: Ball
1-1: Called Strike
César Osequedo steals 2nd base
1-2: SINGLE (Line Drive, 8RS)
César Osequedo to third
Runner from 3rd tries for Home, SAFE, no throw or cutoff
Batting: RHB Domingo Hernández 0-0: Called Strike
0-1: Ball
1-1: Ball
2-1: Called Strike
2-2: Ball
3-2: Base on Balls
Eugene Lee to second
Pitching: RHP Samuel Farrell
Batting: RHB Anastasio Zartuche 0-0: Swinging Strike
0-1: Swinging Strike
0-2: Ball
1-2: Ball
2-2: Foul Ball, location: 2F
2-2: Strikes out looking
Bottom of the 8th over - 1 run(s), 1 hit(s), 0 error(s), 2 left on base; Nashua 2 - Nantucket 3
TOP OF THE 9TH
Nashua Redlegs batting - Pitching for Nantucket Orcas : RHP Armando Chávez
Pitching: LHP Alberto Gutiérrez
Batting: LHB Richard Olvera 0-0: Ball
1-0: Ball
2-0: Foul Ball, location: 2F
2-1: Fly out, F8 (Flyball, 8RXD)
Batting: LHB Bill McCraney 0-0: Foul Ball, location: 2F
0-1: Foul Ball, location: 2F
0-2: Foul Ball, location: 2F
0-2: Strikes out swinging
Batting: RHB Javier Ortíz 0-0: Called Strike
0-1: Ball
1-1: Ball
2-1: Foul Ball, location: 2F
2-2: Ball
3-2: Foul Ball, location: 2F
3-2: Base on Balls
Batting: RHB Manuel Alonso 0-0: Ball
1-0: Ball
2-0: Called Strike
2-1: Fly out, F6 (Popup, 6MD)
Top of the 9th over - 0 run(s), 0 hit(s), 0 error(s), 1 left on base; Nashua 2 - Nantucket 3
Monday, December 5th, 2016 - OOTP Baseball 17.12 Build 75